 Dungeon Sprint DCSS version 0.31-a0-881-ge136f0c47a (webtiles) character file.

Game seed: 3892365259908823488

270 rocky1 the Spear-Bearer (level 6, 0/49 HPs)
             Began as a Demonspawn Gladiator on Oct 16, 2023.
             Slain by Menkaure (18 damage)
             ... in the Dungeon (Sprint II: "The Violet Keep of Menkaure").
             The game lasted 00:00:37 (33 turns).

rocky1 the Spear-Bearer (Demonspawn Gladiator)        Turns: 33, Time: 00:00:37

Health: 0/49       AC:  4    Str: 16    XL:     6   Next: 1%
Magic:  6/6        EV: 15    Int:  9    God:
Gold:   243        SH:  0    Dex: 15    Spells: 5/5 levels left

rFire   . . .        a - +0 trident
rCold   . . .        (no shield)
rNeg    . . .        b - +0 leather armour
rPois   .            c - +0 helmet
rElec   .            (no cloak)
rCorr   .            (no gloves)
SInv    .            (no boots)
Will    .....        (no amulet)
Stlth   +            (no ring)
HPRegen 0.28/turn    (no ring)
MPRegen 0.10/turn

%: no teleportation
@: lethally poisoned (0 -> -4), on berserk cooldown, hasted and slowed
A: hooves 2, ignite blood 1, weakness stinger 2
a: no special abilities


You were in the Dungeon.
You visited 1 branch You collected 243 gold pieces.

Inventory:

Hand Weapons
 a - a +0 trident (weapon)
Missiles
 d - 3 throwing nets (quivered)
 e - a javelin
Armour
 b - a +0 leather armour (worn)
 c - a +0 helmet (worn)
Scrolls
 k - a scroll of blinking
Potions
 f - a potion of curing
 i - 2 potions of magic


   Skills:
 + Level 4.7 Fighting
 + Level 8.1 Polearms
 - Level 2.7 Throwing
 + Level 0.2 Armour
 + Level 7.7 Dodging


You had 5 spell levels left.
You didn't know any spells.
Your spell library was empty.

Dungeon Overview and Level Annotations

Branches:
Dungeon (1/1)

Altars:

Annotations:
D Menkaure


Innate Abilities, Weirdness & Mutations

You have hoof-like feet.
Your demonic aura sometimes causes spilled blood to erupt in flames.
You have a tail ending in a sharp stinger.


Message History

Pain shoots through your body!
You are too injured to fight recklessly!
Unknown command.
The water moccasin attacks as it pursues you!
The water moccasin misses you.
The water moccasin bites you but does no damage.
You feel much better. The water moccasin barely misses you.
The water moccasin bites you!
Unknown command.
You feel yourself speed up. The water moccasin barely misses you.
The water moccasin misses you.
Unknown command.
You barely miss the water moccasin. Your kick misses the water moccasin.
You tail-slap the water moccasin.
The water moccasin is severely wounded.
The water moccasin bites you.
You are poisoned.
The water moccasin poisons you!
You closely miss the water moccasin. You kick the water moccasin.
You tail-slap the water moccasin.
The water moccasin is severely wounded.
You feel very sick.
The water moccasin bites you but does no damage.
The water moccasin misses you.
You miss the water moccasin.
Your tail-slap misses the water moccasin.
The water moccasin is severely wounded.
You feel sick. The water moccasin misses you.
You puncture the water moccasin!
You kill the water moccasin!
You feel sick.
Your Polearms skill increases to level 8!
You have reached level 6!
Your demonic ancestry asserts itself...
Your feet thicken and deform.
Unknown command.
You feel sick.
Menkaure calls on the powers of darkness!
Your body is wracked with pain!
Menkaure hits you!!
You die...

## .# ### .##
#+# #.##..#
##.###..#M.#
+.<.†.##@..#
##.###..#....#
#+#
#.##..§..§~
### ~..§.§~
~~~~..~
~~~§~.§
§§§~~§~
§§≈§~~§


You could see Menkaure (fast).

Vanquished Creatures
  A water moccasin (D)
  4 scorpions (D)
5 creatures vanquished.

Notes
Turn   | Place    | Note
-------+----------+-------------------------------------------
     0 | D        | rocky1 the Demonspawn Gladiator began the quest for the
                  | Orb.
     0 | D        | Reached XP level 1. HP: 16/16 MP: 1/1
     1 | D        | Noticed a scorpion
     1 | D        | Noticed a scorpion
     1 | D        | Noticed a scorpion
     1 | D        | Noticed a scorpion
     4 | D        | Killed a scorpion
     5 | D        | Reached skill level 5 in Polearms
     5 | D        | Reached skill level 5 in Dodging
     5 | D        | Discovered your monstrous ancestry.
     5 | D        | Gained mutation: You have a small tail. [demonic ancestry]
     5 | D        | Reached XP level 2. HP: 24/24 MP: 2/2
     5 | D        | Gained mutation: You have a tail ending in a sharp stinger.
                  | [demonic ancestry]
     5 | D        | Reached XP level 3. HP: 29/29 MP: 3/3
    10 | D        | Killed a scorpion
    11 | D        | Reached skill level 6 in Polearms
    11 | D        | Gained mutation: You have large cloven feet. [demonic
                  | ancestry]
    11 | D        | Reached XP level 4. HP: 37/37 MP: 4/4
    13 | D        | Killed a scorpion
    14 | D        | Reached skill level 7 in Polearms
    14 | D        | Gained mutation: Your demonic aura sometimes causes spilled
                  | blood to erupt in flames. [demonic ancestry]
    14 | D        | Reached XP level 5. HP: 42/42 MP: 5/5
    23 | D        | Noticed Menkaure
    23 | D        | Noticed a water moccasin
    32 | D        | Killed a water moccasin
    33 | D        | Reached skill level 8 in Polearms
    33 | D        | Gained mutation: You have hoof-like feet. [demonic
                  | ancestry]
    33 | D        | Reached XP level 6. HP: 34/49 MP: 6/6
    33 | D        | Slain by Menkaure

Illustrated notes

Levels and vault maps discovered:
D:        the_violet_keep_of_menkaure [sprint2_stairs_cluster_1,
          sprint2_shoproom, sprint2_temple, sprint2_basic_supplies,
          sprint2_obstacle_5, sprint2_obstacle_1, sprint2_obstacle_4,
          sprint2_obstacle_2, sprint2_obstacle_6, sprint2_timed_cluster_1,
          sprint2_smallroom_cluster_1, sprint2_smallroom_final_cluster_1,
          sprint2_transparent_cluster_1, sprint2_second_timed_cluster_1,
          sprint2_sniper_area_1, sprint2_heavy_combat_area_1,
          sprint2_mutation_trap_area_1, sprint2_forest_area_1,
          sprint2_light_combat_area_1, sprint2_behind_water_1,
          sprint2_near_end_vault_1]

Skill      XL: |  1  2  3  4  5 |
---------------+----------------+-----
Fighting       | 3 4 |  4.7
Polearms       | 5 6 7 8 |  8.1
Throwing       | 2 |  2.7
Dodging        | 5 6 7 |  7.7
Armour         | |  0.2

Action                     |  1- 3 |  4- 6 || total
---------------------------+-------+-------++-------
  Melee: Trident           |     8 |    10 ||    18
         Tailslap          |       |     2 ||     2
         Kick              |       |     1 ||     1
    Use: Potion            |     1 |     2 ||     3
 Armour: Leather armour    |       |     5 ||     5
  Dodge: Dodged            |     5 |     9 ||    14

Table legend: (Time is in decaauts)
 A = Elapsed time spent in this place.
 B = Non-inter-level travel time spent in this place.
 C = Inter-level travel time spent in this place.
 D = Time resting spent in this place.
 E = Time spent auto-exploring this place.
 F = Levels seen in this place.
 G = Mean time per level.
                   A        B        C        D        E       F      G
               +--------+--------+--------+--------+--------+-----+--------+
         Total |     34 |     34 |      0 |      0 |      0 |   1 |   34.0 |
       Dungeon |     34 |     34 |      0 |      0 |      0 |   1 |   34.0 |
               +--------+--------+--------+--------+--------+-----+--------+

Top non-repeatable levels by time:
       D: 34 daAuts
